 Dungeon Crawl Stone Soup version 0.31-a0-691-g409c26aa35 (webtiles) character file.

Game seed: 14817940192958121340

12030 bmack86 the Severer (level 11, -5/94 HPs)
             Began as a Minotaur Fighter on Sept 6, 2023.
             Was a High Priest of Okawaru.
             Killed from afar by Fannar (20 damage)
             ... with a bolt of cold
             ... on level 10 of the Dungeon.
             The game lasted 00:35:56 (10964 turns).

bmack86 the Severer (Minotaur Fighter)             Turns: 10964, Time: 00:35:57

Health: -5/94      AC: 21    Str: 23    XL:     11   Next: 57%
Magic:  14/14      EV:  8    Int: 20    God:    Okawaru [*****.]
Gold:   764        SH:  5    Dex: 10    Spells: 10/10 levels left

rFire   . . .        L - +2 broad axe (heavy)
rCold   . . .        c - +0 buckler
rNeg    . . .        H - +5 chain mail of the Evening {rPois Will- Str-2 Int+9}
rPois   +            (helmet restricted)
rElec   .            s - +0 cloak
rCorr   .            B - +2 pair of gloves
SInv    .            r - +0 pair of boots
Will    .....        (no amulet) Stlth
                     n - +6 ring of intelligence
HPRegen 0.35/turn    (no ring)
MPRegen 0.14/turn

%: no passive effects
@: studying Shields
A: horns 2, retaliatory headbutt
a: Renounce Religion, Heroism, Finesse, Duel


You were on level 10 of the Dungeon.
You worshipped Okawaru.
Okawaru was extremely pleased with you.
You visited 2 branches of the dungeon, and saw 11 of its levels.
You also visited: Bailey.

You collected 878 gold pieces.
You spent 114 gold pieces at shops.

Inventory:

Hand Weapons
 a - a +0 war axe of freezing
 L - a +2 heavy broad axe (weapon)
Missiles
 o - a throwing net
 q - 11 boomerangs (quivered)
 x - 6 javelins
 G - 4 curare-tipped darts
Armour
 b - a +0 scale mail
 c - a +0 buckler (worn)
 r - a +0 pair of boots (worn)
 s - a +0 cloak (worn)
 B - a +2 pair of gloves (worn)
 D - a +0 chain mail
 E - a +0 plate armour
 H - the +5 chain mail of the Evening (worn) {rPois Will- Str-2 Int+9}
   (You found it on level 7 of the Dungeon)

   Str-2:     It affects your strength (-2).
   Int+9:     It affects your intelligence (+9).
   rPois:     It protects you from poison Will-: It decreases your willpower.
 M - +0 fire dragon scales
Jewellery
 n - a +6 ring of intelligence (left hand)
 p - a ring of ice
 F - a ring of positive energy
 N - a +6 ring of intelligence
Wands
 h - a wand of iceblast (13)
 m - a wand of paralysis (8)
 z - a wand of mindburst (24)
 O - a wand of digging (3)
Scrolls
 i - 3 scrolls of teleportation
 l - a scroll of amnesia
 t - 4 scrolls of fog
 w - 4 scrolls of immolation
 y - 2 scrolls of poison
Potions
 d - 2 potions of might
 e - 2 potions of resistance
 f - a potion of degeneration
 g - a potion of attraction
 j - a potion of enlightenment {unknown}
 k - 5 potions of curing
 u - 3 potions of invisibility
 v - 2 potions of haste
 A - a potion of brilliance {unknown}
 C - 3 potions of cancellation {unknown}
 I - 3 potions of magic
 K - a potion of experience {unknown}


   Skills:
 * Level 7.9 Fighting
 - Level 18.0 Axes
 + Level 6.1 Armour
 + Level 8.6 Shields
 + Level 5.6 Invocations


You had 10 spell levels left.
You didn't know any spells.
Your spell library contained the following spells:

 Spells                   Type           Power      Damage    Failure   Level
 Shock                    Conj/Air       0%         1d3       75%         1
 Ensorcelled Hibernation  Hex/Ice        0%         N/A       87%         2
 Passwall                 Tmut/Erth      0%         N/A       87%         2
 Inner Flame              Hex/Fire       0%         N/A       98%         3
 Ozocubu's Armour         Ice            0%         N/A       98%         3
 Swiftness                Air            0%         N/A       98%         3
 Airstrike                Air            0%         2d(0-16)  100%        4
 Metabolic Englaciation   Hex/Ice        0%         N/A       100%        5
 Yara's Violent Unravell  Hex/Tmut       0%         3d3       100%        5
 Enfeeble                 Hex            0%         N/A       100%        7
 Simulacrum               Ice/Necr       Unusable   N/A       N/A         6

Dungeon Overview and Level Annotations

Branches:
Dungeon (10/15)            Temple (1/1) D:7            Lair (0/5) D:8
    Orc (0/2) D:9          Bailey (visited)

Altars:
Ashenzari
Cheibriados
Dithmenos
Elyvilon
Fedhas
Gozag
Hepliaklqana
Kikubaaqudgha
Makhleb
Nemelex Xobeh
Okawaru
Qazlal
Ru
Sif Muna
Trog
Uskayaw
Vehumet
Wu Jian
Xom
Yredelemnul
Zin
The Shining One

Shops:
D:3 *   D:7 (   D:9 (

Annotations:
D:10 Fannar


Innate Abilities, Weirdness & Mutations

You have a pair of horns on your head.
You reflexively headbutt those who attack you in melee.


Message History

You block Fannar's attack.
You slash Fannar! You headbutt Fannar.
Fannar is heavily wounded.
Fannar casts a spell at you. The bolt of cold hits you!
Fannar gestures at you while chanting. The bolt of cold hits you!!
You barely miss Fannar. Your headbutt misses Fannar.
Fannar is heavily wounded.
Fannar hits you with a staff of cold. Fannar freezes you!
You slash Fannar! Your headbutt misses Fannar.
Fannar is severely wounded.
Fannar gestures wildly while chanting.
You slash Fannar!
Fannar is severely wounded.
You barely miss the ice beast. You block the ice beast's attack.
Fannar hits you but does no damage. Fannar freezes you.
You closely miss Fannar.
Fannar is severely wounded.
You closely miss the ice beast. The ice beast hits you.
The ice beast freezes you!
* * * LOW HITPOINT WARNING * * *
Fannar barely misses you.
You slash Fannar! You headbutt Fannar.
Fannar is almost dead.
You hit the ice beast but do no damage. You block the ice beast's attack.
Fannar mumbles some strange words.
Fannar blinks!
You completely miss Fannar. Your headbutt misses Fannar.
Fannar is almost dead.
You slice the ice beast!!
You kill the ice beast!
The ice beast disappears in a puff of smoke!
Fannar hits you but does no damage. Fannar freezes you!
* * * LOW HITPOINT WARNING * * *
You completely miss Fannar.
Fannar is almost dead.
Fannar points at you and mumbles some strange words.
The bolt of cold hits you!!
You die...

.##..>..##
#.#.####.#
.###...## ###
#........# .#
##'## #..
###.###### .# #.#
#.# #.# .# #.# #.#
#####.###### .#
##.## .Y.
#........##.
####...## #c#
#.###.##.##. #
#.....# #e# #.#
#.##.##. # ##...##
#@# #.# #.##.##. #
##.##########.#
#.# #.##.##.
########.........#
#.# #.......
.........#########
#.######.##.
##########
#........###
##########


You could see Fannar, an ice beast (summoned) and a centaur.

Vanquished Creatures
  An orc warlord (Bailey)
  Josephine (D:10)
  An orc knight (Bailey)
  Maggie (D:8)
  A troll (D:9)
  A hornet (D:8)
  Sigmund (D:6)
  4 wraiths (D:10)
  A vampire (D:10)
  2 wyverns
  21 yaks
  2 basilisks (D:8)
  A steam dragon (D:9)
  6 water moccasins
  8 orc warriors
  An ice beast (D:5)
  2 ogres (D:4)
  2 centaurs
  A phantom (D:5)
  4 kobold brigands
  6 bullfrogs
  A gnoll sergeant (D:8)
  3 scorpions
  8 wights
  4 killer bees (D:9)
  6 howler monkeys
  7 hounds
  2 jellies (D:7)
  Crazy Yiuf (D:6)
  2 sleepcaps
  A gnoll bouda (D:6)
  3 orc priests
  6 iguanas
  5 orc wizards
  8 adders
  24 gnolls
  A shadow imp (D:6)
  A white imp (D:7)
  An ufetubus (D:6)
  2 worms
  4 dart slugs
  47 orcs
  6 bats
  4 endoplasms
  3 giant cockroaches
  11 goblins
  15 hobgoblins
  14 jackals
  6 quokkas
  4 ball pythons (D:1)
  6 frilled lizards
  24 kobolds
  10 rats
308 creatures vanquished.

Vanquished Creatures (collateral kills)
  An iguana (D:6)
1 creature vanquished.

Grand Total: 309 creatures vanquished

Notes
Turn   | Place    | Note
-------+----------+-------------------------------------------
     0 | D:1      | bmack86 the Minotaur Fighter began the quest for the Orb.
     0 | D:1      | Reached XP level 1. HP: 19/19 MP: 0/0
   173 | D:1      | Reached XP level 2. HP: 26/26 MP: 1/1
   262 | D:1      | Reached skill level 3 in Axes
   421 | D:1      | Found a faded altar of an unknown god.
   449 | D:1      | Reached XP level 3. HP: 31/31 MP: 2/2
  1114 | D:2      | Reached skill level 5 in Shields
  1339 | D:2      | Reached skill level 4 in Axes
  1339 | D:2      | Reached XP level 4. HP: 39/39 MP: 3/3
  1802 | D:3      | Found a shimmering altar of Xom.
  2067 | D:3      | Reached skill level 5 in Axes
  2154 | D:3      | Found Qexuesy's Assorted Antiques.
  2270 | D:3      | Reached XP level 5. HP: 45/45 MP: 4/4
  2445 | D:3      | Bought a murky ruby potion for 21 gold pieces
  2445 | D:3      | Bought an amethyst potion for 21 gold pieces
  2445 | D:3      | Bought 3 scrolls labelled SIAQAUSIOPS for 72 gold pieces
  2588 | D:4      | Noticed an ogre
  2599 | D:4      | Killed an ogre
  2600 | D:4      | Reached skill level 6 in Axes
  2665 | D:4      | Reached XP level 6. HP: 41/51 MP: 5/5
  2674 | D:4      | Reached skill level 7 in Axes
  3378 | D:4      | Reached skill level 8 in Axes
  3379 | D:4      | Reached XP level 7. HP: 24/57 MP: 6/6
  3506 | D:4      | Reached skill level 9 in Axes
  4032 | D:5      | Entered Level 5 of the Dungeon
  4072 | D:5      | Reached skill level 10 in Axes
  4342 | D:5      | Reached XP level 8. HP: 52/64 MP: 7/7
  4347 | D:5      | Reached skill level 11 in Axes
  4984 | D:6      | Identified a scroll of acquirement
  4984 | D:6      | Acquired a manual of Shields
  5078 | D:6      | Reached skill level 12 in Axes
  5130 | D:6      | Noticed Sigmund
  5157 | D:6      | Killed Sigmund
  5158 | D:6      | Reached skill level 13 in Axes
  5747 | D:6      | Reached XP level 9. HP: 70/70 MP: 8/8
  5958 | D:6      | Reached skill level 14 in Axes
  6205 | D:6      | Found a runed translucent door.
  6206 | D:6      | Noticed Crazy Yiuf
  6213 | D:6      | Killed Crazy Yiuf
  6580 | D:7      | Found Soupneal's Antique Weapon Emporium.
  6681 | D:7      | Found a staircase to the Ecumenical Temple.
  6692 | Temple   | Entered the Ecumenical Temple
  6719 | Temple   | Became a worshipper of Warmaster Okawaru
  6764 | D:7      | Reached skill level 15 in Axes
  6771 | D:7      | Found a flagged portal.
  6783 | D:7      | Identified the +5 chain mail of the Evening {rPois Will-
                  | Str-2 Int+9}
  6810 | Bailey   | Entered a bailey
  7083 | Bailey   | Noticed an orc knight
  7091 | Bailey   | HP: 1/70 [orc knight/+0 war axe (12)]
  7099 | Bailey   | Killed an orc knight
  7099 | Bailey   | Reached * piety under Okawaru
  7100 | Bailey   | Reached skill level 16 in Axes
  7331 | Bailey   | Noticed an orc warlord
  7350 | Bailey   | Reached XP level 10. HP: 64/77 MP: 9/9
  7358 | Bailey   | Killed an orc warlord
  7359 | Bailey   | Reached skill level 17 in Axes
  7374 | Bailey   | Identified the +1 whip of the Howling Owl {elec, rF+ Str+2
                  | Stlth+}
  7393 | Bailey   | Acquired a +1 heavy broad axe
  7890 | D:7      | Reached ** piety under Okawaru
  8210 | D:8      | Reached skill level 1 in Invocations
  8426 | D:8      | Reached skill level 18 in Axes
  8580 | D:8      | Found a staircase to the Lair.
  8593 | D:8      | Reached *** piety under Okawaru
  8599 | D:8      | Noticed Maggie
  8612 | D:8      | Reached skill level 5 in Fighting
  8629 | D:8      | Killed Maggie
  8630 | D:8      | Reached XP level 11. HP: 31/88 MP: 13/13
  8810 | D:8      | Identified the +3 rapier "Qoepir" {freeze, rElec rC- Str-5
                  | Dex+9}
  8845 | D:8      | Reached **** piety under Okawaru
  9037 | D:9      | Found Yteu's Antique Weapon Boutique.
  9051 | D:9      | Found a staircase to the Orcish Mines.
  9061 | D:9      | Reached skill level 5 in Armour
  9444 | D:9      | Reached skill level 5 in Invocations
  9583 | D:9      | Found a bloodstained altar of Trog.
  9583 | D:9      | Found a hide-covered altar of Uskayaw.
  9583 | D:9      | Found a snail-covered altar of Cheibriados.
 10056 | D:10     | Entered Level 10 of the Dungeon
 10099 | D:10     | Received a gift from Okawaru
 10105 | D:10     | Reached ***** piety under Okawaru
 10347 | D:10     | Noticed Josephine
 10362 | D:10     | Killed Josephine
 10949 | D:10     | Noticed Fannar
 10964 | D:10     | Killed from afar by Fannar

Illustrated notes

Levels and vault maps discovered:
D:1:      wander_arrival_estate, layout_basic,
          ebering_ecumenical_altar_petrified, nicolae_the_louvre
D:2:      layout_rooms, st_stairs_11, roderic_lattice_a
D:3:      layout_loops_ring, brannock_xom_greatest_gift, serial_shops,
          nicolae_shop_gibbet_a_chance, minmay_misc_feat_tower
D:4:      layout_gridville
D:5:      layout_loops_ring
D:6:      minmay_thinvault, layout_loops_ring, serial_bayou_pond_c,
          uniq_sigmund, uniq_crazy_yiuf_cottage
D:7:      layout_cave_pools, minmay_temple_entry_antechambers, serial_shops,
          nicolae_shop_dealshenge, enter_bailey_6, serial_column_ruins,
          column_ruins_grid_1, column_ruins_grid_1, column_ruins_open_small,
          column_ruins_corridor_corner, column_ruins_open_large,
          column_ruins_open_small_water
D:8:      layout_rooms, minmay_lair_entry_grove, uniq_maggie
D:9:      layout_long_grid, gammafunk_temple_overflow_claw, david_orc_3,
          serial_shops, shop, nicolae_hexahallways, minmay_misc_feat_rugged
D:10:     layout_loops_corners, uniq_fannar, uniq_josephine
Temple:   mainiacjoe_temple_bowtie_tessellation

Skill      XL: |  1  2  3  4  5  6  7  8  9 10 11 |
---------------+----------------------------------+-----
Shields        | 4 5 6 8 |  8.6
Axes           | 3 4 5 6 8 10 13 16 18 | 18.0
Invocations    | 4 5 |  5.6
Fighting       | 5 7 |  7.9
Armour         | 4 6 |  6.1

Action                     |  1- 3 |  4- 6 |  7- 9 | 10-12 || total
---------------------------+-------+-------+-------+-------++-------
  Melee: War axe           |    88 |    91 |   311 |     9 ||   499
         Headbutt          |    15 |    20 |    58 |    37 ||   130
         Broad axe         |       |       |       |   184 ||   184
  Throw: Boomerang         |       |    12 |    10 |       ||    22
         Javelin           |       |       |     3 |       ||     3
 Invoke: Heroism           |       |       |       |     1 ||     1
  Evoke: Wand              |       |     1 |       |       ||     1
    Use: Scroll            |     1 |     2 |    11 |    10 ||    24
         Potion            |       |       |     7 |     3 ||    10
 Armour: Scale mail        |    64 |    93 |    61 |       ||   218
         Chain mail        |       |       |   162 |   276 ||   438
         Plate armour      |       |       |    52 |       ||    52
  Dodge: Dodged            |    47 |    57 |   120 |    83 ||   307
  Block: Buckler           |    35 |    20 |    65 |    68 ||   188

Table legend: (Time is in decaauts)
 A = Elapsed time spent in this place.
 B = Non-inter-level travel time spent in this place.
 C = Inter-level travel time spent in this place.
 D = Time resting spent in this place.
 E = Time spent auto-exploring this place.
 F = Levels seen in this place.
 G = Mean time per level.
                   A        B        C        D        E       F      G
               +--------+--------+--------+--------+--------+-----+--------+
         Total |  11002 |  10659 |    343 |    483 |   7543 |  12 |  916.8 |
       Dungeon |  10214 |   9921 |    293 |    179 |   7378 |  10 | 1021.4 |
        Temple |     52 |      2 |     50 |      0 |      0 |   1 |   52.0 |
        Bailey |    735 |    735 |      0 |    304 |    165 |   1 |  735.0 |
               +--------+--------+--------+--------+--------+-----+--------+

Top non-repeatable levels by time:
     D:4: 1516 daAuts
     D:6: 1415 daAuts
     D:9: 1033 daAuts
     D:1: 1027 daAuts
     D:3: 950 daAuts
    D:10: 931 daAuts
     D:8: 904 daAuts
     D:5: 895 daAuts
     D:7: 886 daAuts
  Bailey: 735 daAuts
     D:2: 654 daAuts
  Temple: 52 daAuts
